Map: Inside and Out

Players

Reynor

  • Race: Protoss Protoss
  • League: Master
  • Spawn Location: 1:00

Kelazhur - Winner!

  • Race: Terran Terran
  • League: Master
  • Spawn Location: 7:00

VOD

Have the link to the VOD?

Description

Time

  • Played on: Oct. 19, 2022, 3:54 p.m.
  • Length: 4:42
Show
View Real Time Build Order
Export as new Build Order

Reynor Protoss 

Build Orders: Oracle Opening 

Get SALT Encoding   

  12  0:00  Probe  
  13  0:12  Pylon  
  13  0:17  Probe  
  14  0:29  Probe (Chrono Boost)  
  14  0:33  Gateway  
  15  0:41  Probe (Chrono Boost)  
  15  0:42  Assimilator  
  16  0:49  Probe (Chrono Boost)  
  17  0:52  Assimilator  
  17  0:55  Probe  
  18  1:07  Probe  
  19  1:20  Probe, Cybernetics Core  
  19  1:22  Pylon  
  20  1:29  Zealot  
  22  1:33  Probe  
  23  1:45  Probe  
  24  1:55  Adept (Chrono Boost)  
  24  1:56  Stargate  
  24  1:59  Probe  
  27  2:03  Warp Gate  
  27  2:11  Probe  
  27  2:18  Adept  
  27  2:23  Pylon  
  27  2:27  Probe  
  28  2:38  Oracle (Chrono Boost)  
  32  2:55  Probe  
  32  3:08  Oracle (Chrono Boost)  
  35  3:17  Nexus  
  35  3:30  Gateway  
  35  3:37  Probe  
  31  3:49  Probe  
  31  3:50  Adept  
  32  4:01  Probe  
  33  4:13  Probe  
  33  4:15  Stalker  
  33  4:25  Probe, Stalker  
  33  4:29  Probe  
Show
View Real Time Build Order
Export as new Build Order

Kelazhur Terran - Winner!

Build Orders:  

Get SALT Encoding   

  12  0:00  SCV  
  13  0:12  SCV  
  14  0:17  Supply Depot  
  14  0:24  SCV  
  15  0:39  SCV  
  15  0:40  Barracks  
  16  0:45  Refinery  
  16  0:51  SCV  
  16  0:56  Refinery  
  17  1:03  SCV  
  18  1:15  SCV  
  19  1:29  Orbital Command  
  19  1:30  Reaper  
  20  1:38  Supply Depot  
  20  1:42  Engineering Bay  
  20  1:52  Factory  
  20  1:56  SCV  
  21  2:02  Reaper  
  22  2:08  SCV  
  23  2:21  SCV  
  23  2:33  SCV  
  26  2:37  Widow Mine  
  26  2:39  Supply Depot  
  26  2:40  Starport  
  26  2:45  SCV  
  27  2:56  Command Center  
  27  2:57  SCV  
  28  2:59  Widow Mine  
  28  3:05  Supply Depot  
  30  3:09  SCV  
  30  3:19  Medivac  
  32  3:21  SCV  
  32  3:24  Widow Mine  
  35  3:33  SCV  
  36  3:45  SCV  
  36  3:47  Widow Mine  
  39  3:51  Viking  
  41  3:57  SCV  
  41  4:09  Orbital Command  
  41  4:14  SCV, Barracks  
  41  4:16  Factory Tech Lab  
  42  4:17  Barracks  
  41  4:26  SCV  
Tags
 
Add a new tag
Caveats
  • Supply blocks, unpowered buildings, or Contaminate may cause inaccurate times.
  • Supply counts are checked every 10 seconds.